3L
BUCKHEAD BOWTIES @ KINGSTON TOWNSHIP LEGION
09/20/2031
 
TOP OF THE 1ST
Buckhead Bowties batting - Pitching for Kingston Township Legion : LHP Jason Schneider
Pitching: LHP Jason Schneider
Batting: RHB Jorge Díaz 0-0: Ball
1-0: Called Strike
1-1: Called Strike
1-2: Strikes out looking
Batting: RHB Derek Bangert 0-0: Ball
1-0: Ball
2-0: Ball
3-0: Called Strike
3-1: Called Strike
3-2: Fly out, F9 (Flyball, 89M)
Batting: RHB Raúl Ruíz 0-0: Ball
1-0: Called Strike
1-1: Ground out 6-3 (Groundball, 6)
Top of the 1st over - 0 runs, 0 hits, 0 errors, 0 left on base; Buckhead 0 - Kingston Township 0
BOTTOM OF THE 1ST
Kingston Township Legion batting - Pitching for Buckhead Bowties : RHP Ron Manning
Pitching: RHP Ron Manning
Batting: RHB Ron Bernard 0-0: Called Strike
0-1: Foul Ball, location: 2F
0-2: Ball
1-2: Fly out, F4 (Popup, 3D)
Batting: LHB António González 0-0: Swinging Strike
0-1: Called Strike
0-2: Fly out, F9 (Flyball, 9LM)
Batting: RHB EP Weston 0-0: Foul Ball, location: 2F
0-1: Ball
1-1: Ground out 5-3 (Groundball, 56)
Bottom of the 1st over - 0 runs, 0 hits, 0 errors, 0 left on base; Buckhead 0 - Kingston Township 0
TOP OF THE 2ND
Buckhead Bowties batting - Pitching for Kingston Township Legion : LHP Jason Schneider
Batting: RHB Gabriel Maldonado 0-0: Foul Ball, location: 2F
0-1: Ball
1-1: Swinging Strike
1-2: Strikes out swinging
Batting: LHB Roberto Salazar 0-0: Ball
1-0: Called Strike
1-1: Called Strike
1-2: Foul Ball, location: 2F
1-2: Foul Ball, location: 2F
1-2: Ball
2-2: Foul Ball, location: 2F
2-2: SINGLE (Line Drive, 6D)
Batting: RHB Kevin Baxter 0-0: Called Strike
0-1: DOUBLE (Line Drive, 78D)
Roberto Salazar to third
Runner from 3rd tries for Home, SAFE, no throw
Batting: RHB Júlio Vargas 0-0: Called Strike
0-1: Fly out, F8 (Flyball, 8RD)
Batting: SHB Seishiro Nishimura 0-0: Fly out, F5 (Popup, 5SF)
Top of the 2nd over - 1 run, 2 hits, 0 errors, 1 left on base; Buckhead 1 - Kingston Township 0
BOTTOM OF THE 2ND
Kingston Township Legion batting - Pitching for Buckhead Bowties : RHP Ron Manning
Batting: RHB Clarence Neal 0-0: Foul Ball, location: 2F
0-1: SOLO HOME RUN (Flyball, 7LD), Distance : 382 ft
Batting: RHB Dani Trejo 0-0: Swinging Strike
0-1: Fly out, F8 (Flyball, 8LM)
Batting: RHB Jim Scott 0-0: Ball
1-0: Called Strike
1-1: Ball
2-1: Foul Ball, location: 2F
2-2: Foul Ball, location: 2F
2-2: Foul Ball, location: 2F
2-2: Strikes out swinging
Batting: RHB Alfredo Cardenas 0-0: Ball
1-0: Called Strike
1-1: Ball
2-1: Ball
3-1: Swinging Strike
3-2: Fly out, F5 (Popup, 5SF)
Bottom of the 2nd over - 1 run, 1 hit, 0 errors, 0 left on base; Buckhead 1 - Kingston Township 1
TOP OF THE 3RD
Buckhead Bowties batting - Pitching for Kingston Township Legion : LHP Jason Schneider
Batting: LHB Yu-zeng Si 0-0: Ball
1-0: Swinging Strike
1-1: Ball
2-1: Ball
3-1: Called Strike
3-2: Foul Ball, location: 2F
3-2: Base on Balls
Batting: RHB Jorge Díaz 0-0: Fly out, F9 (Flyball, 89S)
Batting: RHB Derek Bangert 0-0: Ball
1-0: Ball
2-0: Foul Ball, location: 2F
2-1: Foul Ball, location: 2F
2-2: Foul Ball, location: 2F
2-2: Foul Ball, location: 2F
2-2: Foul Ball, location: 2F
2-2: Ball
3-2: Foul Ball, location: 2F
3-2: Grounds into double play, 4-6-3 (Groundball, 34)
Top of the 3rd over - 0 runs, 0 hits, 0 errors, 0 left on base; Buckhead 1 - Kingston Township 1
BOTTOM OF THE 3RD
Kingston Township Legion batting - Pitching for Buckhead Bowties : RHP Ron Manning
Batting: RHB Júlio Rodríguez 0-0: Ball
1-0: Ball
2-0: Called Strike
2-1: Reached on error, E4 (Groundball, 4D)
Batting: RHB José Icaza 0-0: Ball
1-0: Called Strike
Balk!
Júlio Rodríguez to third
1-1: Foul Ball, location: 2F
1-2: Strikes out looking
Batting: RHB Ron Bernard 0-0: Called Strike
0-1: Ball
1-1: Foul Ball, location: 2F
1-2: Strikes out looking
Batting: LHB António González 0-0: Ball
1-0: 2-RUN HOME RUN (Flyball, 9LD), Distance : 374 ft
Batting: RHB EP Weston 0-0: Ball
1-0: Ground out 6-3 (Groundball, 6S)
Bottom of the 3rd over - 2 runs, 1 hit, 1 error, 0 left on base; Buckhead 1 - Kingston Township 3
TOP OF THE 4TH
Buckhead Bowties batting - Pitching for Kingston Township Legion : LHP Jason Schneider
Batting: RHB Raúl Ruíz 0-0: Ball
1-0: DOUBLE (Flyball, 78XD)
Batting: RHB Gabriel Maldonado 0-0: Called Strike
0-1: Ball
1-1: Foul Ball, location: 2F
1-2: Ball
2-2: Fly out, F7 (Flyball, 7LS)
Batting: LHB Roberto Salazar 0-0: Ball
1-0: Called Strike
1-1: Ground out 6-3 (Groundball, 56D)
Batting: RHB Kevin Baxter 0-0: Ball
1-0: Called Strike
1-1: Foul Ball, location: 2F
1-2: Fly out, F9 (Flyball, 9D)
Top of the 4th over - 0 runs, 1 hit, 0 errors, 1 left on base; Buckhead 1 - Kingston Township 3
BOTTOM OF THE 4TH
Kingston Township Legion batting - Pitching for Buckhead Bowties : RHP Ron Manning
Batting: RHB Clarence Neal 0-0: Ground out 6-3 (Groundball, 6)
Batting: RHB Dani Trejo 0-0: Called Strike
0-1: Called Strike
0-2: Foul Ball, location: 2F
0-2: Ball
1-2: Ball
2-2: Strikes out swinging
Batting: RHB Jim Scott 0-0: Called Strike
0-1: Called Strike
0-2: Ball
1-2: Ball
2-2: Strikes out swinging
Bottom of the 4th over - 0 runs, 0 hits, 0 errors, 0 left on base; Buckhead 1 - Kingston Township 3
TOP OF THE 5TH
Buckhead Bowties batting - Pitching for Kingston Township Legion : LHP Jason Schneider
Batting: RHB Júlio Vargas 0-0: Ball
1-0: Ball
2-0: Foul Ball, location: 2F
2-1: Foul Ball, location: 2F
2-2: Strikes out swinging
Batting: SHB Seishiro Nishimura 0-0: Called Strike
0-1: Fly out, F9 (Flyball, 9)
Batting: LHB Yu-zeng Si 0-0: Ball
1-0: Fly out, F9 (Flyball, 9D)
Top of the 5th over - 0 runs, 0 hits, 0 errors, 0 left on base; Buckhead 1 - Kingston Township 3
BOTTOM OF THE 5TH
Kingston Township Legion batting - Pitching for Buckhead Bowties : RHP Ron Manning
Batting: RHB Alfredo Cardenas 0-0: Foul Ball, location: 2F
0-1: Ball
1-1: Swinging Strike
1-2: Strikes out looking
Batting: RHB Júlio Rodríguez 0-0: Ball
1-0: Ball
2-0: Foul Ball, location: 2F
2-1: SINGLE (Flyball, 89S)
Batting: RHB José Icaza 0-0: Fly out, F9 (Flyball, 9S)
Batting: RHB Ron Bernard 0-0: Ball
Júlio Rodríguez is caught stealing 2nd base
Bottom of the 5th over - 0 runs, 1 hit, 0 errors, 0 left on base; Buckhead 1 - Kingston Township 3
TOP OF THE 6TH
Buckhead Bowties batting - Pitching for Kingston Township Legion : LHP Jason Schneider
Batting: RHB Jorge Díaz 0-0: DOUBLE (Groundball, 5L)
Batting: RHB Derek Bangert 0-0: Ball
1-0: Ball
2-0: Foul Ball, location: 2F
2-1: Ball
3-1: Base on Balls
Batting: RHB Raúl Ruíz 0-0: Swinging Strike
0-1: Ball
1-1: Ball
2-1: Foul Ball, location: 2F
2-2: Foul Ball, location: 2F
2-2: Foul Ball, location: 2F
2-2: Grounds into double play, 5-4-3 (Groundball, 56)
Jorge Díaz to third
Batting: RHB Gabriel Maldonado 0-0: Swinging Strike
0-1: Foul Ball, location: 2F
0-2: Ground out 6-3 (Groundball, 6)
Top of the 6th over - 0 runs, 1 hit, 0 errors, 1 left on base; Buckhead 1 - Kingston Township 3
BOTTOM OF THE 6TH
Kingston Township Legion batting - Pitching for Buckhead Bowties : RHP Ron Manning
Batting: RHB Ron Bernard 0-0: Ball
1-0: Fly out, F9 (Flyball, 9LMF)
Batting: LHB António González 0-0: Ball
1-0: Called Strike
1-1: Ball
2-1: Swinging Strike
2-2: Ground out 4-3 (Groundball, 34D)
Batting: RHB EP Weston 0-0: Ball
1-0: Ball
2-0: Ball
3-0: SINGLE (Flyball, 56D)
Batting: RHB Clarence Neal 0-0: Ball
1-0: Ground out 5-3 (Groundball, 56S)
Bottom of the 6th over - 0 runs, 1 hit, 0 errors, 1 left on base; Buckhead 1 - Kingston Township 3
TOP OF THE 7TH
Buckhead Bowties batting - Pitching for Kingston Township Legion : LHP Jason Schneider
Batting: LHB Roberto Salazar 0-0: Foul Ball, location: 2F
0-1: Called Strike
0-2: Ball
1-2: Foul Ball, location: 2F
1-2: Foul Ball, location: 2F
1-2: Ball
2-2: Strikes out swinging
Batting: RHB Kevin Baxter 0-0: Ball
1-0: Swinging Strike
1-1: Ball
2-1: Ball
3-1: Base on Balls
Batting: RHB Júlio Vargas 0-0: Ball
1-0: Called Strike
1-1: Ball
2-1: Ball
3-1: Base on Balls
Kevin Baxter to second
Batting: SHB Seishiro Nishimura 0-0: Called Strike
0-1: Grounds into double play, 6-4-3 (Groundball, 6)
Top of the 7th over - 0 runs, 0 hits, 0 errors, 1 left on base; Buckhead 1 - Kingston Township 3
BOTTOM OF THE 7TH
Kingston Township Legion batting - Pitching for Buckhead Bowties : RHP Ron Manning
Batting: RHB Dani Trejo 0-0: Ball
1-0: Foul Ball, location: 2F
1-1: Ball
2-1: Called Strike
2-2: Foul Ball, location: 2F
2-2: Strikes out swinging
Batting: RHB Jim Scott 0-0: Foul Ball, location: 2F
0-1: Foul Ball, location: 2F
0-2: Strikes out looking
Batting: RHB Alfredo Cardenas 0-0: Called Strike
0-1: SINGLE (Groundball, 34D)
Batting: RHB Júlio Rodríguez 0-0: Ball
1-0: Called Strike
Throwing error on steal attempt, E2
Alfredo Cardenas to third
1-1: Ball
2-1: Foul Ball, location: 2F
2-2: Foul Ball, location: 2F
2-2: Ball
3-2: Foul Ball, location: 2F
3-2: Ground out 6-3 (Groundball, 6)
Bottom of the 7th over - 0 runs, 1 hit, 1 error, 1 left on base; Buckhead 1 - Kingston Township 3
TOP OF THE 8TH
Buckhead Bowties batting - Pitching for Kingston Township Legion : LHP Jason Schneider
Batting: LHB Yu-zeng Si 0-0: Ball
1-0: Swinging Strike
1-1: Foul Ball, location: 2F
1-2: Strikes out looking
Batting: RHB Jorge Díaz 0-0: Ball
1-0: Fly out, F6 (Popup, 6MS)
Batting: RHB Derek Bangert 0-0: Ball
1-0: Ball
2-0: Called Strike
2-1: Foul Ball, location: 2F
2-2: Reached on error, E5 (Groundball, 5L)
Pitching: RHP Kazu Omori
Batting: RHB Raúl Ruíz 0-0: Fly out, F8 (Flyball, 89M)
Top of the 8th over - 0 runs, 0 hits, 1 error, 1 left on base; Buckhead 1 - Kingston Township 3
BOTTOM OF THE 8TH
Kingston Township Legion batting - Pitching for Buckhead Bowties : RHP Ron Manning
Batting: RHB José Icaza 0-0: Called Strike
0-1: Ground out 6-3 (Groundball, 6)
Batting: RHB Ron Bernard 0-0: Foul Ball, location: 2F
0-1: Ball
1-1: Ball
2-1: Called Strike
2-2: Foul Ball, location: 2F
2-2: Foul Ball, location: 2F
2-2: Ball
3-2: Ground out 6-3 (Groundball, 6)
Batting: LHB António González 0-0: Called Strike
0-1: Ball
1-1: DOUBLE (Groundball, 3L)
Pitching: RHP Tomás Vargas
Batting: RHB EP Weston 0-0: Ball
1-0: SINGLE (Flyball, 89M)
António González to third
Runner from 3rd tries for Home, SAFE, no throw
Batting: RHB Clarence Neal 0-0: Called Strike
0-1: Foul Ball, location: 2F
0-2: 2-RUN HOME RUN (Flyball, 7D), Distance : 412 ft
Batting: RHB Dani Trejo 0-0: Called Strike
0-1: Ball
1-1: Called Strike
1-2: Ball
2-2: Strikes out swinging
Bottom of the 8th over - 3 runs, 3 hits, 0 errors, 0 left on base; Buckhead 1 - Kingston Township 6
TOP OF THE 9TH
Buckhead Bowties batting - Pitching for Kingston Township Legion : RHP Kazu Omori
Batting: RHB Gabriel Maldonado 0-0: Foul Ball, location: 2F
0-1: Ball
1-1: DOUBLE (Line Drive, 7LM)
Batting: LHB Roberto Salazar 0-0: Ball
1-0: Called Strike
1-1: SINGLE (Line Drive, 56)
Gabriel Maldonado to third
Batting: RHB Kevin Baxter 0-0: Ball
Wild Pitch!
Gabriel Maldonado scores
Roberto Salazar to second
1-0: Ball
2-0: Ball
3-0: Base on Balls
Pitching: RHP John Riggleman
Batting: RHB Júlio Vargas 0-0: Ball
1-0: DOUBLE (Flyball, 8RXD)
Roberto Salazar scores
Kevin Baxter to third
Batting: SHB Seishiro Nishimura 0-0: Ball
1-0: Called Strike
1-1: Ball
2-1: SINGLE (Groundball, 4MD)
Kevin Baxter scores
Júlio Vargas to third
Batting: LHB Yu-zeng Si 0-0: Swinging Strike
0-1: Foul Ball, location: 2F
0-2: Ball
1-2: Strikes out swinging
Batting: RHB Jorge Díaz 0-0: Foul Ball, location: 2F
0-1: Called Strike
0-2: Ball
1-2: Ball
2-2: Strikes out swinging
Batting: RHB Derek Bangert 0-0: Ball
1-0: Ball
2-0: Called Strike
2-1: Foul Ball, location: 2F
2-2: Ball
3-2: Strikes out looking
Top of the 9th over - 3 runs, 4 hits, 0 errors, 2 left on base; Buckhead 4 - Kingston Township 6
Tuesday, June 12th, 2018 - OOTP Baseball 18.8 Build 76